 Dungeon Crawl Stone Soup version 0.22-a0-247-gbddf880 (webtiles) character file.

3693 matakusis the Summoner (level 9, -1/45 HPs)
             Began as a Deep Elf Summoner on Feb 24, 2018.
             Was a Believer of Sif Muna.
             Slain by an orc warrior
             ... wielding a +0 halberd
              (14 damage)
             ... on level 1 of the Orcish Mines.
             The game lasted 01:16:47 (9770 turns).

matakusis the Summoner (Deep Elf Summoner)          Turns: 9770, Time: 01:16:47

Health: -1/45      AC:  7    Str:  5    XL:     9   Next: 90%
Magic:  16/50      EV: 12    Int: 24    God:    Sif Muna [**....]
Gold:   571        SH:  0    Dex: 15    Spells: 16/30 levels left

rFire    . . .     SeeInvis .   a - staff of power
rCold    . . .     Gourm    .   (no shield)
rNeg     + . .     Faith    .   f - +2 leather armour {rPois}
rPois    +         Spirit   .   (no helmet)
rElec    .         Reflect  .   F - +0 cloak
rCorr    .         Harm     .   (no gloves)
MR       .....                  J - +0 pair of boots
Stlth    ++........             (no amulet)
HPRegen  0.15/turn              m - ring of positive energy
MPRegen  0.32/turn              o - ring of magical power

@: no status effects
A: no striking features
a: Divine Energy, Renounce Religion


You were on level 1 of the Orcish Mines.
You worshipped Sif Muna.
Sif Muna was pleased with you.
You were not hungry.

You visited 3 branches of the dungeon, and saw 11 of its levels.

You collected 571 gold pieces.

Inventory:

Hand Weapons
 q - a +0 shortbow
 u - a +3 dagger of chaos
 v - a +0 vampiric dagger
Missiles
 h - 391 stones (quivered)
 k - a throwing net
 r - 77 bolts
 B - 64 arrows
 G - 29 poisoned needles
Armour
 f - a +2 leather armour of poison resistance (worn)
 F - a +0 cloak (worn)
 J - a +0 pair of boots (worn)
Magical Staves
 a - an uncursed staff of power (weapon)
Jewellery
 m - a ring of positive energy (left hand)
 o - a ring of magical power (right hand)
Wands
 c - a wand of clouds (12)
 w - a wand of enslavement (16)
 z - a wand of digging (12)
 E - a wand of flame (18)
Scrolls
 n - 3 scrolls of enchant armour
 t - 4 scrolls of remove curse
 y - a scroll of teleportation
 H - a scroll of magic mapping
Potions
 d - 4 potions of curing
 e - 3 potions of magic
 g - 2 potions of brilliance
 i - a potion of flight
 l - a potion of heal wounds
 p - 2 potions of invisibility
 x - a potion of resistance
 A - 2 potions of lignification
 C - a potion of ambrosia {unknown}
 D - a potion of degeneration {unknown}
Comestibles
 b - 15 rations


   Skills:
 - Level 2.4 Dodging
 - Level 2.4 Stealth
 + Level 11.0 Spellcasting
 * Level 12.7 Summonings
 - Level 1.1 Ice Magic
 - Level 1.7 Air Magic


You had 16 spell levels left.
You knew the following spells:

 Your Spells              Type           Power        Failure   Level  Hunger
a - Summon Small Mammal   Summ           ####         1%          1    None
b - Call Imp              Summ           ######..     1%          2    None
c - Summon Lightning Spi  Summ/Air       #####...     4%          4    None
d - Summon Ice Beast      Ice/Summ       #####...     4%          4    None
e - Mephitic Cloud        Conj/Pois/Air  ###.....     19%         3    None


Dungeon Overview and Level Annotations

Branches:
Dungeon (9/15)             Temple (1/1) D:7             Orc (1/2) D:9
   Lair: D:8-11

Altars:
Ashenzari
Cheibriados
Dithmenos
Elyvilon
Fedhas
Gozag
Hepliaklqana
Kikubaaqudgha
Makhleb
Nemelex Xobeh
Okawaru
Qazlal
Ru
Sif Muna
Trog
Uskayaw
Vehumet
Wu Jian
Xom
Yredelemnul
Zin
The Shining One

Shops:
D:7 (


Message History

Press: ? - help, Dir - move target cursor An electric hum fills the air.
The sun demon hits your ice beast!
Your ice beast dies!
Your ice beast hits the soul eater but does no damage.
The soul eater hits your ice beast. The soul eater drains your ice beast!
An orc warrior comes into view. It is wielding a scimitar.
The sun demon misses your ice beast.
You hear some strange, mumbled words.
A bolt of fire appears from out of thin air!
The bolt of fire misses the orc warrior.
The bolt of fire hits your ice beast.
Your ice beast melts!
Deactivating autopickup; reactivate with Ctrl-A.
The bolt of fire hits you!
* * * LOW HITPOINT WARNING * * *
Your shadow imp closely misses the sun demon.
Your ice beast barely misses the soul eater.
The sun demon barely misses your shadow imp.
The orc warrior hits you from afar with a halberd!
You die...

##..#..$......#.$.....
#.........o.........#
#.......#....o......
#.......#.##(4o$.#
#..... ..# ##3){.#
#...##.# ##5Y3).#
##..<..####.5o#.....#
#$#.....#..8.##.....#
#.........@Y.#.......
##..........###......
##.........# #.....
###...##### #....
#...# .... ##.## ##.
##


You could see a soul eater, a sun demon, a red devil, 2 orc warriors, an orc, 2
friendly ice beasts, a friendly lightning spire, a friendly white imp and a
friendly shadow imp.

Vanquished Creatures
  An orc (D:4)
  A kobold (D:3)
  A bat (D:1)
3 creatures vanquished.

Vanquished Creatures (collateral kills)
  A two-headed ogre (D:8)
  Erica (D:9)
  The ghost of Qupu the Spear-Bearer, a novice DsGl of Makhleb (D:8)
  Maurice (D:9)
  The ghost of matakusis the Thaumaturge, a novice DESu (D:6)
  A hippogriff (D:8)
  A hungry ghost (D:8)
  2 steam dragons
  3 wargs (D:9)
  4 ice beasts
  A black bear (D:8)
  4 phantoms
  3 sky beasts
  An eye of draining (D:7)
  2 ogres
  3 centaurs
  A big kobold (D:8)
  3 bullfrogs
  2 scorpions
  9 killer bees
  4 wights (D:6)
  8 crimson imps
  The ghost of Amnesiac the Charlatan, a weakling DEAr (D:3)
  A bullfrog zombie (D:7)
  A centaur zombie (D:8)
  A quasit (D:7)
  2 hounds
  A jelly (D:7)
  A bullfrog skeleton (D:6)
  4 orc priests
  6 iguanas
  6 orc wizards
  7 worker ants
  A worker ant zombie (D:9)
  6 adders
  3 gnolls (D:4)
  3 shadow imps
  2 worms
  A dart slug (D:1)
  5 leopard geckos
  36 orcs
  3 bats (D:1)
  7 giant cockroaches
  7 goblins
  3 hobgoblins
  10 jackals
  7 quokkas
  3 ball pythons
  A ball python skeleton (D:6)
  6 frilled lizards
  A jackal zombie (D:5)
  19 kobolds
  A leopard gecko zombie (D:2)
  8 rats
221 creatures vanquished.

Grand Total: 224 creatures vanquished

Notes
Turn   | Place    | Note
-------+----------+-------------------------------------------
     0 | D:1      | matakusis the Deep Elf Summoner began the quest for the Orb.
     0 | D:1      | Reached XP level 1. HP: 10/10 MP: 6/6
   216 | D:1      | Reached XP level 2. HP: 8/15 MP: 1/8
   280 | D:1      | Learned a level 2 spell: Call Imp
   301 | D:1      | Reached skill level 5 in Summonings
   895 | D:1      | Reached XP level 3. HP: 19/19 MP: 4/9
  2566 | D:3      | Noticed Amnesiac's ghost (weakling DEAr)
  2572 | D:3      | Killed Amnesiac's ghost
  2636 | D:3      | Found a basalt altar of Yredelemnul.
  2877 | D:3      | Found a faded altar of an unknown god.
  2897 | D:3      | Reached XP level 4. HP: 21/24 MP: 11/11
  2903 | D:3      | Learned a level 4 spell: Summon Lightning Spire
  3276 | D:4      | Noticed an ogre
  3312 | D:4      | Killed an ogre
  3312 | D:4      | Reached skill level 6 in Summonings
  3400 | D:4      | Reached XP level 5. HP: 28/28 MP: 1/14
  3517 | D:4      | Found a glowing silver altar of Zin.
  3616 | D:4      | Reached skill level 5 in Spellcasting
  3864 | D:4      | Reached skill level 7 in Summonings
  4010 | D:5      | Entered Level 5 of the Dungeon
  4032 | D:5      | Reached XP level 6. HP: 32/32 MP: 13/16
  4094 | D:5      | Learned a level 4 spell: Summon Ice Beast
  4137 | D:5      | Noticed a steam dragon
  4149 | D:5      | Killed a steam dragon
  4380 | D:5      | Reached skill level 1 in Air Magic
  4775 | D:5      | Found a shimmering altar of Xom.
  4799 | D:5      | Reached XP level 7. HP: 36/36 MP: 10/18
  5066 | D:6      | Reached skill level 8 in Summonings
  5122 | D:6      | Noticed matakusis's ghost (novice DESu)
  5158 | D:6      | Found an ornate altar of the Wu Jian Council.
  5168 | D:6      | Killed matakusis's ghost
  5168 | D:6      | Reached skill level 1 in Ice Magic
  5589 | D:6      | Reached skill level 9 in Summonings
  5602 | D:6      | Reached XP level 8. HP: 36/41 MP: 10/21
  6141 | D:7      | Found a radiant altar of Vehumet.
  6576 | D:7      | Found Niutz's Antique Weapon Shoppe.
  6639 | D:7      | Reached skill level 10 in Summonings
  6829 | D:7      | Found a staircase to the Ecumenical Temple.
  6847 | Temple   | Entered the Ecumenical Temple
  6989 | Temple   | Became a worshipper of Sif Muna the Loreminder
  7330 | D:7      | You fall through a shaft for 2 floors!
  7353 | D:9      | Noticed Erica
  7357 | D:9      | Noticed Maurice
  7455 | D:9      | Killed Erica
  7606 | D:8      | Noticed a two-headed ogre
  7614 | D:8      | Killed a two-headed ogre
  7614 | D:8      | Reached skill level 11 in Summonings
  7614 | D:8      | Reached XP level 9. HP: 45/45 MP: 21/24
  7665 | D:8      | Reached * piety under Sif Muna
  7745 | D:8      | Noticed Qupu's ghost (novice DsGl)
  7765 | D:8      | Killed Qupu's ghost
  7765 | D:8      | Reached skill level 10 in Spellcasting
  8032 | D:8      | Reached skill level 12 in Summonings
  8115 | D:8      | Reached ** piety under Sif Muna
  8361 | D:8      | Noticed a dagger
  8361 | D:8      | Noticed a dagger
  8362 | D:8      | Found a hide-covered altar of Uskayaw.
  8990 | D:9      | Found a staircase to the Orcish Mines.
  9525 | D:9      | Killed Maurice
  9695 | D:9      | Learned a level 3 spell: Mephitic Cloud
  9723 | Orc:1    | Entered Level 1 of the Orcish Mines
  9744 | Orc:1    | Noticed an orc sorcerer
  9754 | Orc:1    | Noticed a red devil
  9762 | Orc:1    | Noticed a soul eater
  9764 | Orc:1    | Noticed an orc sorcerer
  9766 | Orc:1    | Noticed a sun demon
  9770 | Orc:1    | Slain by an orc warrior

Vault maps used:
D:1:      minmay_arrival_widening_spiral_narrow, serial_bayou,
          serial_bayou_lagoon_a, serial_bayou_ford_a, serial_bayou_pond_c,
          serial_bayou_lake_a
D:2:      serial_forest, infiniplex_forest_lined_3,
          infiniplex_forest_clump_small, infiniplex_forest_lined_1,
          infiniplex_forest_clump_cross
D:3:      lemuel_doored_altar, chequers_ecumenical_altar_twisty,
          kennysheep_generic_room_11
D:4:      old_standard_altar, first_ration
D:5:      led_xom_imps
D:6:      nicolae_overflow_crystal_walls
D:7:      vehumet_altar_wand_db, temple_hall, serial_shops, shop
D:8:      dancing_weapons_uskayaw
D:9:      minmay_orc_entry_guard_dogs, uniq_maurice, uniq_erica
Temple:   nicolae_temple_elliptical
Orc:1:    serial_shops, shop

Skill      XL: |  1  2  3  4  5  6  7  8  9 |
---------------+----------------------------+-----
Summonings     | 5 6 7 9 11 12 | 12.7
Spellcasting   | 4 5 6 7 9 11 | 11.0
Air Magic      | 1 |  1.7
Ice Magic      | 1 |  1.1
Dodging        | |  2.4
Stealth        | |  2.4

Action                   |  1- 3 |  4- 6 |  7- 9 || total
-------------------------+-------+-------+-------++-------
Melee: Unarmed           |     8 |       |       ||     8
       Dagger            |     2 |     3 |    20 ||    25
       Staff             |       |       |     1 ||     1
Throw: Stone             |       |     1 |       ||     1
 Cast: Summon Small Mamm |    22 |     2 |       ||    24
       Call Imp          |    64 |    29 |    15 ||   108
       Summon Lightning  |       |    18 |    60 ||    78
       Summon Ice Beast  |       |     7 |    51 ||    58
  Use: Scroll            |     5 |     4 |     9 ||    18
       Potion            |       |       |     2 ||     2
 Stab: Sleeping          |     1 |       |       ||     1
  Eat: Ration            |     2 |       |     3 ||     5
       Chunk             |     1 |    10 |    11 ||    22
Armor: Robe              |     4 |       |       ||     4
       Leather armour    |     3 |     3 |    12 ||    18
Dodge: Dodged            |    48 |    17 |    32 ||    97

Table legend:
 A = Spawn XP
 B = Non-spawn XP
 C = Spawn XP percentage of total XP
 D = Spawn monster count
 E = Non-spawn monster count
 F = Spawn count percentage of total count
 G = Total turns spent on level
                    A         B        C        D         E        F      G
               +---------+---------+-------+---------+---------+-------+---------
         Total |       0 |    5277 |   0.0 |       0 |     224 |   0.0 |  9770
               +---------+---------+-------+---------+---------+-------+---------
           D:1 |       0 |      42 |   0.0 |       0 |      39 |   0.0 |  1080
           D:2 |       0 |      24 |   0.0 |       0 |      16 |   0.0 |  1461
           D:3 |       0 |      32 |   0.0 |       0 |       7 |   0.0 |   569
           D:4 |       0 |     281 |   0.0 |       0 |      27 |   0.0 |   913
           D:5 |       0 |     413 |   0.0 |       0 |      26 |   0.0 |  1346
           D:6 |       0 |     985 |   0.0 |       0 |      30 |   0.0 |   938
           D:7 |       0 |     394 |   0.0 |       0 |      20 |   0.0 |  1116
           D:8 |       0 |    1927 |   0.0 |       0 |      35 |   0.0 |  1084
           D:9 |       0 |    1123 |   0.0 |       0 |      15 |   0.0 |  1047
         Orc:1 |       0 |      56 |   0.0 |       0 |       9 |   0.0 |    47
               +---------+---------+-------+---------+---------+-------+---------
